Description

how to go against terran

VOD

https://www.youtube.com/watch?v=cRZthRqPeIg

Build Order

Get SALT Encoding   

  14  0:19  Pylon  
  16  0:37  Gateway  
  17  0:50  Assimilator  
  20  1:24  Cybernetics Core  core before nexus
  20  1:32  Nexus  
  21  1:42  Pylon  pylon before gas
  22  1:51  Assimilator  
  23  2:00  Adept (Chrono Boost)  
  23  2:11  Warp Gate  
  26  2:24  Sentry (Chrono Boost)  
  31  2:44  Twilight Council  
  33  2:53  Gateway  
  33  2:57  Stalker  
  38  3:18  Phoenix  halluc
  39  3:21  Blink (Chrono Boost)  
  42  3:38  Pylon  use it for drop vision
  43  3:40  Robotics Facility  
  44  3:50  Assimilator  
  45  3:59  Stalker x2  after warpgate finishes
  49  4:03  Nexus  
  50  4:11  Pylon  
  54  4:23  Forge  
  55  4:30  Observer  
  64  5:01  Protoss Ground Armor Level 1  
  64  5:04  Gateway x2, Charge  
  66  5:17  Gateway x2  
  67  5:23  Gateway x2  
  70  5:34  Observer  
  71  5:35  Zealot x2  
Spawning Tool Build Advisor. Get it on Overwolf

Go to:

Details

  • Created by: Joaco
  • Published on: Apr 03, 2020
  • Modified on: Apr 04, 2020
  • Patch: 4.11.0
Show
View Real Time Build Order
Export as new Build Order

Comments (0)

There are no comments. Be the first!

Create an account to comment!